 Dungeon Crawl Stone Soup version 0.28.0-47-ge53b351184 (webtiles) character file.

Game seed: 5456966873781166743

2501 acdeimund the Spear-Bearer (level 9, -7/71 HPs)
             Began as a Merfolk Gladiator on May 2, 2022.
             Was a Believer of the Shining One.
             Mangled by an orc warrior
             ... wielding a +0 short sword
              (11 damage)
             ... on level 8 of the Dungeon.
             The game lasted 00:20:16 (8124 turns).

acdeimund the Spear-Bearer (Merfolk Gladiator)      Turns: 8124, Time: 00:20:17

Health: -7/71      AC:  3    Str: 14    XL:     9   Next: 53%
Magic:  19/21      EV: 17    Int:  8    God:    the Shining One [**....]
Gold:   179        SH:  8    Dex: 19    Spells: 8/8 levels left

rFire   . . .      SeeInvis .   a - +0 trident
rCold   . . .      Faith    .   (no shield)
rNeg    + . .      Spirit   .   b - +0 leather armour
rPois   .          Reflect  .   (helmet restricted)
rElec   .          Harm     .   w - scarf {repulsion}
rCorr   .          Rampage  .   (no gloves)
Will    .....                   (no boots)
Stlth   +.........              y - amulet of the acrobat
HPRegen 0.21/turn               h - ring of magical power
MPRegen 0.17/turn               (no ring)

@: divinely shielded, attractive, glowing, repel missiles
A: (nimble swimmer 2), mertail, horns 1, MP-powered wands
a: Renounce Religion, Divine Shield


You were on level 8 of the Dungeon.
You worshipped the Shining One.
The Shining One was pleased with you.
You visited 1 branch of the dungeon, and saw 8 of its levels.

You collected 411 gold pieces.
You spent 232 gold pieces at shops.

Inventory:

Hand Weapons
 a - a +0 trident (weapon)
 n - a +0 falchion
Missiles
 l - 6 poisoned darts
 p - 2 boomerangs
 s - 3 curare-tipped darts
Armour
 b - a +0 leather armour (worn)
 c - a +0 helmet
 d - a +0 cloak
 w - a scarf of repulsion (worn)
Jewellery
 h - a ring of magical power (left hand)
 o - an amulet of guardian spirit
 y - an amulet of the acrobat (around neck)
Wands
 r - a wand of flame (32)
 u - a wand of iceblast (5)
Scrolls
 f - 4 scrolls of noise
 g - 3 scrolls of teleportation
 i - 8 scrolls of identify
 m - 3 scrolls of brand weapon {unknown}
 q - 2 scrolls of vulnerability {unknown}
 t - 3 scrolls of enchant weapon {unknown}
 x - a scroll of enchant armour {unknown}
Potions
 e - 2 potions of curing
 j - 2 potions of invisibility
 k - 3 potions of brilliance


   Skills:
 + Level 6.7 Fighting
 + Level 9.3 Polearms
 + Level 6.1 Throwing
 + Level 8.6 Dodging
 - Level 0.7 Stealth
 + Level 4.9 Invocations


You had 8 spell levels left.
You didn't know any spells.
Your spell library contained the following spells:

 Spells                   Type           Power      Damage    Failure   Level
 Shock                    Conj/Air       0%         1d3       50%         1
 Swiftness                Air            0%         N/A       86%         3
 Airstrike                Air            0%         N/A       99%         4


Dungeon Overview and Level Annotations

Branches:
Dungeon (8/15)             Temple (0/1) D:7
   Lair: D:8-11

Altars:
Dithmenos
Fedhas
Gozag
Okawaru
Ru
Sif Muna
Trog
Yredelemnul
Zin
The Shining One

Shops:
D:6 [


Innate Abilities, Weirdness & Mutations

((You are very nimble when in or above water. (Stealth+, EV+, Speed+++)))
Your lower body shifts to a powerful aquatic tail in water.
You have a pair of small horns on your head.
You expend magic power (3 MP) to strengthen your wands.


Message History

You can now channel blasts of cleansing flame.
An orc warrior comes into view. It is wielding a +0 short sword.
You hit the orc.
The orc is almost dead.
The orc completely misses you.
You puncture the orc!
You kill the orc!
A divine shield forms around you!
You can no longer channel blasts of cleansing flame.
The orc hits you with a +0 club.
* * * LOW HITPOINT WARNING * * *
You hit the orc but do no damage. The orc closely misses you.
An orc comes into view. It is wielding a +0 hand axe.
The orc is attracted toward you.
You puncture the orc!
You kill the orc!
You hit the orc warrior but do no damage.
You headbutt the orc warrior, but do no damage.
The orc warrior misses you.
You puncture the orc warrior!
You headbutt the orc warrior, but do no damage.
The orc warrior is moderately wounded.
The orc warrior misses you.
You hit the orc warrior but do no damage.
The orc warrior is moderately wounded.
The orc warrior hits you with a +0 short sword!
* * * LOW HITPOINT WARNING * * *
You hit the orc warrior but do no damage.
The orc warrior is moderately wounded.
You block the orc warrior's attack.
You hit the orc warrior but do no damage.
You headbutt the orc warrior.
The orc warrior is moderately wounded.
You puncture the orc warrior!
The orc warrior is heavily wounded.
The orc warrior misses you.
You hit the orc warrior but do no damage.
The orc warrior is heavily wounded.
The orc warrior hits you with a +0 short sword!
You die...

#.# ### #.#
..$#.# ###.#.#
......
..###.#.#########
......Joo.......#
####.#o##........
#@##........
#.#.........
.......#####
#.......#
#.......#
#.......#
#.......
##.###...


You could see an orc warrior, a jelly and 2 orcs.

Vanquished Creatures
  Maggie (D:7)
  A wyvern (D:8)
  A water moccasin (D:6)
  A necrophage (D:5)
  5 ogres
  2 centaurs
  A phantom (D:5)
  2 scorpions (D:5)
  A water moccasin skeleton (D:5)
  3 wights (D:8)
  A howler monkey (D:5)
  3 centaur zombies
  3 hounds
  2 jellies (D:5)
  6 orc priests
  7 orc wizards
  An iguana (D:5)
  2 scorpion zombies (D:5)
  A hound skeleton (D:5)
  A howler monkey skeleton (D:5)
  4 gnolls (D:5)
  3 adders
  2 ufetubi
  An adder skeleton (D:4)
  A worm (D:2)
  30 orcs
  4 ball pythons
  5 bats
  5 endoplasms
  10 giant cockroaches
  4 goblins
  9 hobgoblins
  3 jackals (D:2)
  3 quokkas
  A frilled lizard (D:1)
  4 kobolds
  3 rats
137 creatures vanquished.

Vanquished Creatures (others)
  6 fungi (D:8)
6 creatures vanquished.

Grand Total: 143 creatures vanquished

Notes
Turn   | Place    | Note
-------+----------+-------------------------------------------
     0 | D:1      | acdeimund the Merfolk Gladiator began the quest for the
                  | Orb.
     0 | D:1      | Reached XP level 1. HP: 16/16 MP: 1/1
   462 | D:1      | Reached XP level 2. HP: 23/23 MP: 2/2
   489 | D:1      | Found a faded altar of an unknown god.
   499 | D:1      | Prayed at the altar of an unknown god.
   499 | D:1      | Became a worshipper of the Shining One
   499 | D:1      | Reached * piety under the Shining One
   562 | D:1      | You fall into a shaft and drop 1 floor!
   562 | D:2      | Noticed an ogre
   978 | D:2      | Reached XP level 3. HP: 17/28 MP: 3/3
  1183 | D:2      | Killed an ogre
  1184 | D:2      | Reached skill level 5 in Polearms
  1184 | D:2      | Reached skill level 5 in Dodging
  1184 | D:2      | Reached XP level 4. HP: 35/35 MP: 4/4
  1184 | D:2      | Reached XP level 5. HP: 41/41 MP: 5/5
  1891 | D:3      | Gained mutation: You expend magic power (3 MP) to
                  | strengthen your wands. [potion of mutation]
  1891 | D:3      | Gained mutation: You have a pair of small horns on your
                  | head. [potion of mutation]
  2837 | D:4      | Noticed an ogre
  2847 | D:4      | Killed an ogre
  2848 | D:4      | Reached skill level 6 in Polearms
  2848 | D:4      | Reached XP level 6. HP: 48/48 MP: 6/6
  2911 | D:4      | Identified the +8 falchion of Valiance {drain, Str+5 Int-3}
  3113 | D:4      | Found a basalt altar of Yredelemnul.
  3164 | D:4      | Reached ** piety under the Shining One
  3647 | D:5      | Entered Level 5 of the Dungeon
  3777 | D:5      | The Shining One protects you from harm!
  3783 | D:5      | Reached skill level 1 in Invocations
  3783 | D:5      | Reached XP level 7. HP: 14/55 MP: 7/7
  4151 | D:5      | Reached skill level 7 in Polearms
  4633 | D:5      | Reached skill level 5 in Fighting
  4633 | D:5      | Reached XP level 8. HP: 57/62 MP: 9/9
  5068 | D:5      | Found a shadowy altar of Dithmenos.
  5487 | D:5      | Reached skill level 5 in Throwing
  5510 | D:5      | Reached skill level 8 in Polearms
  6049 | D:6      | Found a sacrificial altar of Ru.
  6050 | D:6      | Found a glowing silver altar of Zin.
  6051 | D:6      | Found a bloodstained altar of Trog.
  6421 | D:6      | Found Pevvak's Antique Armour Emporium.
  6429 | D:6      | Bought a runed scarf for 232 gold pieces
  6785 | D:7      | Noticed Maggie
  6811 | D:7      | HP: 6/144 [Maggie/bolt of fire (10)]
  6817 | D:7      | Killed Maggie
  6818 | D:7      | Reached XP level 9. HP: 7/69 MP: 12/12
  7285 | D:7      | Found a blossoming altar of Fedhas.
  7286 | D:7      | Found an opulent altar of Gozag.
  7287 | D:7      | Found an iron altar of Okawaru.
  7313 | D:7      | Reached skill level 9 in Polearms
  7397 | D:7      | Found a staircase to the Ecumenical Temple.
  7567 | D:7      | Found a shimmering blue altar of Sif Muna.
  7945 | D:8      | Noticed an elephant
  8112 | D:8      | Reached *** piety under the Shining One
  8120 | D:8      | HP: 3/71 [orc warrior/+0 short sword (14)]
  8124 | D:8      | Mangled by an orc warrior

Illustrated notes

Levels and vault maps discovered:
D:1:      nzn_arrival_settlement, layout_rooms, ebering_ecumenical_altar_webs
D:2:      layout_basic, kennysheep_nub
D:3:      layout_basic
D:4:      layout_basic, overflow_temple_1_default
D:5:      layout_basic, grunt_dithmenos_shadows, portal_sewer_entry_f
D:6:      nicolae_cairo_tiling_very_big, layout_rooms,
          grunt_temple_overflow_open, serial_shops, nicolae_stop_n_shop_1,
          grunt_ministairs_5
D:7:      layout_rooms, lemuel_blue_sif_altar,
          chequers_temple_overflow_statue_of_worship,
          minmay_temple_entry_junction, nrook_pool_corridor, uniq_maggie
D:8:      layout_basic, mainiacjoe_overflow_boulevard,
          mainiacjoe_overflow_swirl, mainiacjoe_overflow_chevrons,
          david_lair_generic

Skill      XL: |  1  2  3  4  5  6  7  8  9 |
---------------+----------------------------+-----
Fighting       | 3 4 5 6 |  6.7
Polearms       | 5 6 7 8 9 |  9.3
Throwing       | 3 4 5 6 |  6.1
Dodging        | 5 6 8 |  8.6
Invocations    | 1 2 4 |  4.9
Stealth        | |  0.7

Action                   |  1- 3 |  4- 6 |  7- 9 || total
-------------------------+-------+-------+-------++-------
Melee: Trident           |    84 |   157 |   325 ||   566
       Punch             |     1 |     2 |    10 ||    13
       Headbutt          |       |    22 |    89 ||   111
       Tailslap          |       |       |     5 ||     5
Throw: Throwing net      |     2 |     2 |     1 ||     5
       Dart              |       |       |     2 ||     2
Invok: Divine Shield     |       |       |     5 ||     5
  Use: Scroll            |     2 |     2 |     1 ||     5
       Potion            |       |     3 |     9 ||    12
 Stab: Sleeping          |     1 |       |       ||     1
Armor: Leather armour    |    33 |    31 |    49 ||   113
       Skin              |       |       |     4 ||     4
Dodge: Dodged            |    54 |    89 |   267 ||   410
       Repelled          |       |       |     2 ||     2
Block: Other             |       |       |    13 ||    13
